 Dungeon Crawl Stone Soup version 0.27-a0-1296-g8ece459b43 (webtiles) character file.

Game seed: 6195559105584385969

49 HAL9000 the Sneak (level 3, 0/18 HPs)
             Began as a Vine Stalker Brigand on June 16, 2021.
             Slain by Sigmund (7 damage)
             ... on level 2 of the Dungeon.
             The game lasted 00:02:36 (1589 turns).

HAL9000 the Sneak (Vine Stalker Brigand)            Turns: 1589, Time: 00:02:37

Health: 0/18       AC:  3    Str: 14    XL:     3   Next: 75%
Magic:  0/4        EV: 11    Int: 11    God:
Gold:   43         SH:  0    Dex: 15    Spells: 2/2 levels left

rFire    . . .     SeeInvis .   j - +3 short sword (protect)
rCold    . . .     Faith    .   (no shield)
rNeg     . . .     Spirit   +   b - +0 robe
rPois    .         Reflect  .   (no helmet)
rElec    .         Harm     .   c - +0 cloak
rCorr    .         Rampage  .   (no gloves)
Will     .....                  (no boots)
Stlth    +++.......             (no amulet)
HPRegen  0.06/turn              (no ring)
MPRegen  0.09/turn              (no ring)

@: no status effects
A: fangs 2, magic shield, antimagic bite, no potion heal 2
a: no special abilities


You were on level 2 of the Dungeon.
You visited 1 branch of the dungeon, and saw 2 of its levels.

You collected 43 gold pieces.

Inventory:

Hand Weapons
 a - a +2 dagger
 j - a +3 short sword of protection (weapon)
Missiles
 d - 8 poisoned darts
 e - a curare-tipped dart (quivered)
Armour
 b - a +0 robe (worn)
 c - a +0 cloak (worn)
Potions
 g - a potion of lignification {unknown}
 i - a potion of attraction {unknown}
 k - 2 potions of degeneration {unknown}


   Skills:
 - Level 1.7 Fighting
 + Level 3.6 Short Blades
 - Level 1.7 Throwing
 - Level 0.7 Dodging
 - Level 4.8 Stealth


You had 2 spell levels left.
You didn't know any spells.
Your spell library was empty.

Dungeon Overview and Level Annotations

Branches:
Dungeon (2/15)

Altars:

Shops:
D:2 =

Annotations:
D:2 Jessica, Sigmund


Innate Abilities, Weirdness & Mutations

You have extremely sharp teeth.
When hurt, damage is shared between your health and your magic reserves.
Your bite disrupts and absorbs the magic of your enemies.
Potions cannot restore your health.


Message History

You kill the adder!
Unknown command.
Sigmund gestures at you while chanting. You resist with some effort.
There is an open door here.
Sigmund casts a spell at you. The puff of flame hits you!
Sigmund screams, "I am the angel of ZOT!!!"
Sigmund casts a spell at you. The magic dart hits you!
* * * LOW HITPOINT WARNING * * *
Sigmund casts a spell at you. The magic dart hits you.
* * * LOW HITPOINT WARNING * * *
Sigmund gestures at you while chanting. You resist with some effort.
Okay, then.
As you read the scroll labelled CENGIECRUNLUO, it crumbles to dust.
You hear a loud clanging noise!
It was a scroll of noise.
Unknown command.
As you read the scroll labelled YTEDUM QYGOSIY, it crumbles to dust.
You feel aware of your surroundings.
It was a scroll of magic mapping.
Unknown command.
As you read the scroll labelled NEQACVOURE, it crumbles to dust.
It is a scroll of amnesia.
You feel forgetful for a moment.
You start resting.
Magic restored.
You start resting.
Sigmund is nearby!
Throw: 2 darts (curare)
Press: ? - help, Q - select action, (/) - cycle Shift-Dir - straight line, f - Sigmund
Aim: Sigmund, wielding a +0 scythe and wearing a +0 robe (wandering, hasn't noticed you, 53% to hit)
You throw a curare-tipped dart. The curare-tipped dart hits Sigmund.
Sigmund is poisoned.
Sigmund convulses.
Sigmund seems to slow down.
Sigmund shouts!
Sigmund is lightly wounded.
Sigmund hits you from afar with a +0 scythe!
You die...

....# #.........@...#
....# #.....††......#
....# #..........>..#
....# #.............#
....# #.............#
....# ########....###
##### #.#.##
##################@#.#
.<...........##.@..#.#
############.#######.#
#.# #.# #.# #.#
#.##### #.# #.....#
#.# #####.# #.# #.#
#.# #.# #.#


You could see Sigmund (very poisoned, slow).

Vanquished Creatures
  2 adders (D:2)
  A worm (D:2)
  A bat (D:1)
  4 endoplasms
  2 giant cockroaches (D:1)
  3 goblins
  2 hobgoblins
  2 quokkas
  2 ball pythons (D:1)
  4 frilled lizards
  3 kobolds (D:1)
26 creatures vanquished.

Notes
Turn   | Place    | Note
-------+----------+-------------------------------------------
     0 | D:1      | HAL9000 the Vine Stalker Brigand began the quest for the
                  | Orb.
     0 | D:1      | Reached XP level 1. HP: 11/11 MP: 2/2
   241 | D:1      | Found a faded altar of an unknown god.
   415 | D:1      | Reached XP level 2. HP: 15/15 MP: 3/3
   995 | D:2      | Found Feinacie's Jewellery Boutique.
  1107 | D:2      | Noticed Jessica
  1107 | D:2      | Noticed Sigmund
  1398 | D:2      | Reached XP level 3. HP: 18/18 MP: 4/4
  1589 | D:2      | Slain by Sigmund

Illustrated notes

Levels and vault maps discovered:
D:1:      dpeg_arrival_shelter, layout_loops_ring,
          hellmonk_ecumenical_altar_crossroads
D:2:      layout_basic, serial_shops, nicolae_shop_stone, minmay_cut_off,
          uniq_jessica, uniq_sigmund

Skill      XL: |  1  2 |
---------------+-------+-----
Short Blades   | 2 3 |  3.6
Fighting       | |  1.7
Throwing       | |  1.7
Dodging        | |  0.7
Stealth        | |  4.8

Action                   || total
-------------------------++-------
Melee: Dagger            ||    29
       Bite              ||    17
       Short sword       ||    31
Throw: Dart              ||     1
  Use: Scroll            ||     3
 Stab: Sleeping          ||     9
Armor: Robe              ||     9
Dodge: Dodged            ||    24

Table legend: (Time is in decaauts)
 A = Elapsed time spent in this place.
 B = Non-inter-level travel time spent in this place.
 C = Inter-level travel time spent in this place.
 D = Time resting spent in this place.
 E = Time spent auto-exploring this place.
 F = Levels seen in this place.
 G = Mean time per level.
                   A        B        C        D        E       F      G
               +--------+--------+--------+--------+--------+-----+--------+
         Total |   1584 |   1549 |     35 |    385 |    919 |   2 |  792.0 |
       Dungeon |   1584 |   1549 |     35 |    385 |    919 |   2 |  792.0 |
               +--------+--------+--------+--------+--------+-----+--------+

Top non-repeatable levels by time:
     D:1: 1176 daAuts
     D:2: 407 daAuts
